 Dungeon Crawl Stone Soup version 0.24-a0-347-g1a3e1d35ff (webtiles) character file.

Game seed: 17295641124063545186

86 sking99 the Digger (level 4, 0/26 HPs)
             Began as a Gargoyle Earth Elementalist on May 22, 2019.
             Killed by divine providence
             ... invoked by an orc priest
              (12 damage)
             ... on level 3 of the Dungeon.
             The game lasted 00:05:01 (1967 turns).

sking99 the Digger (Gargoyle Earth Elementalist)    Turns: 1967, Time: 00:05:01

Health: 0/26       AC:  6    Str: 12    XL:     4   Next: 50%
Magic:  0/8        EV: 12    Int: 16    God:
Gold:   78         SH:  0    Dex: 10    Spells: 2/8 levels left

rFire    . . .     SeeInvis .   a - +0 short sword
rCold    . . .     Gourm    .   (no shield)
rNeg     + . .     Faith    .   c - +0 robe
rPois    ∞         Spirit   .   (no helmet)
rElec    +         Reflect  .   (no cloak)
rCorr    .         Harm     .   e - +0 pair of gloves
MR       .....                  (no boots)
Stlth    ++........             (no amulet)
HPRegen  0.08/turn              (no ring)
MPRegen  0.11/turn              (no ring)

@: no status effects
A: negative energy resistance 1, electricity resistance, unbreathing,
petrification resistance, rot immunity, AC +3
a: no special abilities


You were on level 3 of the Dungeon.
You were not hungry.

You visited 1 branch of the dungeon, and saw 3 of its levels.

You collected 78 gold pieces.

Inventory:

Hand Weapons
 a - a +0 short sword (weapon)
Missiles
 b - 53 stones (quivered)
Armour
 c - a +0 robe (worn)
 e - a +0 pair of gloves (worn)
 g - a +0 leather armour
Jewellery
 j - an uncursed amulet of faith {unknown}
 k - a +5 ring of intelligence {unknown}
Scrolls
 f - a scroll of fog {unknown}
 h - a scroll of teleportation {unknown}
 i - a scroll of enchant weapon {unknown}
 m - a scroll of fear {unknown}
 n - 2 scrolls of amnesia {unknown}
 o - a scroll of remove curse {unknown}
 p - a scroll of identify {unknown}
 u - a scroll of blinking {unknown}
Potions
 l - 2 potions of agility {unknown}
 q - a potion of haste {unknown}
 r - 2 potions of curing {unknown}
 s - a potion of invisibility {unknown}
Comestibles
 d - 2 rations
 t - a chunk of flesh


   Skills:
 + Level 1.8 Fighting
 - Level 1.8 Dodging
 - Level 2.5 Stealth
 + Level 2.8 Spellcasting
 + Level 0.3 Conjurations
 - Level 0.7 Transmutations
 + Level 4.5 Earth Magic


You had 2 spell levels left.
You knew the following spells:

 Your Spells              Type           Power        Failure   Level  Hunger
a - Sandblast             Erth           ###...       3%          1    #......
c - Stone Arrow           Conj/Erth      ##....       22%         3    ###....
z - Passwall              Tmut/Erth      ##......     10%         2    ##.....

Your spell library contained the following spells:

 Spells                   Type           Power        Failure   Level  Hunger
 Petrify                  Tmut/Erth      ##......     54%         4    #####..
 Lee's Rapid Deconstruct  Erth           ###.......   63%         5    ######.


Dungeon Overview and Level Annotations

Branches:
Dungeon (3/15)

Altars:
Dithmenos


Innate Abilities, Weirdness & Mutations

You are resistant to torment.
Your stone body is resilient. (AC +3)
You are immune to poison.
You resist negative energy. (rN+)
You are resistant to electric shocks. (rElec)
You can survive without breathing.
You are immune to petrification.
You are immune to rotting.


Message History

Confirm with . or Enter, or press ? or * to list all spells.
Aiming: Sandblast (safe; 3% risk of failure)
Press: ? - help, Shift-Dir - straight line, f/p - orc priest
Aim: an orc priest, wielding a +2 mace of protection and wearing a +0 ring mail The blast of sand hits the orc priest but does no damage.
b - 54 stones The orc priest calls down the wrath of Beogh upon you.
Beogh smites you!
Ouch! That really hurt!
Casting: Sandblast (safe; 3% risk of failure)
Confirm with . or Enter, or press ? or * to list all spells.
Aiming: Sandblast (safe; 3% risk of failure)
Press: ? - help, Shift-Dir - straight line, f/p - orc priest
Aim: an orc priest, wielding a +2 mace of protection and wearing a +0 ring mail The blast of sand hits the orc priest.
The orc priest is heavily wounded.
b - 53 stones The orc priest invokes the aid of Beogh against you.
Beogh smites you!
You die...

.#.......#.......
.#.#...#.#......
#.#.#.#.#.#.#...
#.#.#.#.#.#.#.#.##
.#.#.#.#.#.#.#.
#.#.#.#.#.#.#.#
.#.#.#.#.#.#.#.
#.#.#.#.#.#.#.#
.#.#.#.#@#.#.#..
.#.#.#o#g#.#.#.#
+#.#.# #.#.#.##
.#.# #.#.#.. +#
#.#.#.# #.#..#
#.#. #.


You could see an orc priest and a goblin.

Vanquished Creatures
  3 adders (D:2)
  An ooze (D:3)
  A worm (D:2)
  3 orcs (D:3)
  8 giant cockroaches (D:2)
  9 goblins
  3 hobgoblins
  3 jackals (D:1)
  3 kobolds
  A quokka (D:2)
  6 bats
  A frilled lizard (D:2)
  A rat (D:3)
43 creatures vanquished.

Notes
Turn   | Place    | Note
-------+----------+-------------------------------------------
     0 | D:1      | sking99 the Gargoyle Earth Elementalist began the quest for
                  | the Orb.
     0 | D:1      | Reached XP level 1. HP: 10/10 MP: 3/3
   302 | D:1      | Reached XP level 2. HP: 15/15 MP: 0/5
   827 | D:2      | Reached skill level 4 in Earth Magic
   842 | D:2      | Found a shadowy altar of Dithmenos.
   874 | D:2      | Reached XP level 3. HP: 20/20 MP: 4/6
   973 | D:2      | Reached skill level 1 in Fighting
  1396 | D:2      | Reached XP level 4. HP: 25/25 MP: 5/8
  1792 | D:2      | Learned a level 2 spell: Passwall
  1796 | D:2      | Learned a level 3 spell: Stone Arrow
  1967 | D:3      | Killed from afar by an orc priest

Levels and vault maps discovered:
D:1:      zaba_arrival_water, layout_basic
D:2:      minmay_roachtagon, layout_basic, grunt_dithmenos_smoke
D:3:      layout_basic, gammafunk_ghost_necromancy, hex_medium

Skill      XL: |  1  2  3 |
---------------+----------+-----
Earth Magic    | 4 |  4.5
Fighting       | 1 |  1.8
Dodging        | |  1.8
Stealth        | |  2.5
Spellcasting   | |  2.8
Conjurations   | |  0.3
Transmutations | |  0.7

Action                   |  1- 3 |  4- 6 || total
-------------------------+-------+-------++-------
Melee: Unarmed           |    15 |       ||    15
       Short sword       |     3 |       ||     3
 Cast: Sandblast         |    40 |    30 ||    70
       Passwall          |       |     1 ||     1
 Stab: Sleeping          |     2 |       ||     2
  Eat: Chunk             |     2 |     2 ||     4
Armor: Robe              |     7 |     2 ||     9
Dodge: Dodged            |    21 |     6 ||    27

Table legend:
 A = Non-vault XP
 B = Vault XP
 C = Vault XP percentage of total XP
 D = Non-vault monster count
 E = Vault monster count
 F = Vault count percentage of total count
                 A         B        C        D         E       F
            +---------+---------+-------+---------+---------+-------
      Total |     110 |      14 |  11.3 |      36 |       7 |  16.3
            +---------+---------+-------+---------+---------+-------
        D:1 |      20 |       0 |   0.0 |      11 |       0 |   0.0
        D:2 |      73 |      14 |  16.1 |      20 |       7 |  25.9
        D:3 |      17 |       0 |   0.0 |       5 |       0 |   0.0
            +---------+---------+-------+---------+---------+-------
